 Dungeon Crawl Stone Soup version bcrawl-1.18.1 (webtiles) character file.

Game seed: 14474357666946206098

88 Freyura the Skirmisher (level 4, -21/29 HPs)
             Began as a Gargoyle Fighter on Nov 10, 2019.
             Demolished by an ogre
             ... wielding a +0 giant spiked club
              (23 damage)
             ... on level 2 of the Dungeon.
             The game lasted 00:03:09 (1611 turns).

Freyura the Skirmisher (Gargoyle Fighter)           Turns: 1611, Time: 00:03:10

Health: -21/29     AC: 10    Str: 19    XL:     4   Next: 54%
Magic:  4/4        EV:  7    Int:  9    God:
Gold:   115        SH:  9    Dex: 10    Spells: 3/3 levels left

rFire    . . .     SeeInvis .   a - +0 flail
rCold    . . .     Gourm    .   c - +0 shield
rNeg     + . .     Faith    .   b - +0 scale mail
rPois    ∞         Spirit   .   (no helmet)
rElec    +         Reflect  .   (no cloak)
rCorr    .         Harm     .   (no gloves)
MR       .....                  (no boots)
Stlth    ..........             (no amulet)
HPRegen  0.09/turn              (no ring)
MPRegen  0.09/turn              (no ring)

@: no status effects
A: negative energy resistance 1, electricity resistance, unbreathing,
petrification resistance, rot immunity, AC +3
a: no special abilities


You were on level 2 of the Dungeon.
You were hungry.

You visited 1 branch of the dungeon, and saw 2 of its levels.

You collected 115 gold pieces.

Inventory:

Hand Weapons
 a - a +0 flail (weapon)
Armour
 b - a +0 scale mail (worn)
 c - a +0 shield (worn)
 j - a +0 chain mail
Scrolls
 h - a scroll of remove curse {unknown}
 i - 2 scrolls of identify {unknown}
 k - a scroll of magic mapping {unknown}
 n - a scroll of blinking {unknown}
Potions
 d - a potion of might
 e - a potion of cancellation {unknown}
 g - a potion of curing
 m - a potion of mutation {unknown}
 o - a potion of lignification {unknown}
Comestibles
 f - 8 rations {!d}


   Skills:
 + Level 3.8 Fighting
 + Level 3.1 Maces & Flails
 + Level 3.7 Armour
 + Level 0.5 Dodging
 + Level 0.2 Stealth
 + Level 3.8 Shields


You had 3 spell levels left.
You didn't know any spells.
Your spell library was empty.

Dungeon Overview and Level Annotations

Branches:
Dungeon (2/12)

Altars:


Innate Abilities, Weirdness & Mutations

You are resistant to torment.
Your stone body is resilient. (AC +3)
You are immune to poison.
You resist negative energy. (rN+)
You are resistant to electric shocks. (rElec)
You can survive without breathing.
You are immune to petrification.
You are immune to rotting.


Message History

The ogre is severely wounded.
The bat hits you but does no damage. You block the ogre's attack.
Your shield and scale mail prevent you from hitting the ogre.
The ogre is severely wounded.
The bat barely misses you. You block the ogre's attack.
You barely miss the ogre.
The ogre is severely wounded.
You block the bat's attack. The ogre closely misses you.
It was a potion of curing.
You feel better. The bat barely misses you.
You closely miss the ogre.
The ogre is severely wounded.
The bat hits you but does no damage.
The ogre hits you with a +0 giant spiked club!
* * * LOW HITPOINT WARNING * * *
You hit the ogre but do no damage.
The ogre is severely wounded.
The bat hits you but does no damage.
The ogre hits you with a +0 giant spiked club!!
Ouch! That really hurt!
You die...

##........#
#........#
########........#
................#
...÷####..>.....#
....# #........#
....# #........##
##### #......§..#
#######§≈@# ##§O#
#≈)# #b.# #§.#
+..# #≈## #≈


You could see an ogre and a bat.

Vanquished Creatures
  An iguana (D:2)
  2 oozes (D:1)
  2 worms
  A dart slug (D:1)
  4 leopard geckos
  An orc (D:2)
  A goblin (D:2)
  6 hobgoblins
  6 jackals
  A ball python (D:2)
  6 bats
  4 frilled lizards (D:1)
  A kobold (D:1)
  7 rats
43 creatures vanquished.

Notes
Turn   | Place    | Note
-------+----------+-------------------------------------------
     0 | D:1      | Freyura the Gargoyle Fighter began the quest for the Orb.
     0 | D:1      | Reached XP level 1. HP: 14/14 MP: 1/1
   155 | D:1      | Reached XP level 2. HP: 18/19 MP: 2/2
   426 | D:1      | Reached XP level 3. HP: 22/23 MP: 3/3
  1360 | D:2      | Reached XP level 4. HP: 29/29 MP: 4/4
  1600 | D:2      | Noticed an ogre
  1605 | D:2      | HP: 1/29 [ogre/+0 giant spiked club (10)]
  1611 | D:2      | Demolished by an ogre

Skill      XL: |  1  2  3  4 |
---------------+-------------+-----
Maces & Flails | 3 |  3.1
Fighting       | |  3.8
Armour         | |  3.7
Dodging        | |  0.5
Stealth        | |  0.2
Shields        | |  3.8

Action                   |  1- 3 |  4- 6 || total
-------------------------+-------+-------++-------
Melee: Flail             |   163 |    23 ||   186
  Use: Potion            |       |     1 ||     1
  Eat: Chunk             |     2 |       ||     2
Armor: Scale mail        |   129 |    12 ||   141
Dodge: Dodged            |    74 |     9 ||    83
Block: Shield            |    94 |     5 ||    99
